 Dungeon Crawl Stone Soup version 0.26-a0-800-g517d6fe721 (webtiles) character file.

Game seed: 890590491550542029

247 reriks the Covered (level 5, 49/49 HPs)
             Began as a Deep Dwarf Fighter on Nov 11, 2020.
             Quit the game on level 2 of the Dungeon.
             The game lasted 00:01:17 (1662 turns).

reriks the Covered (Deep Dwarf Fighter)             Turns: 1662, Time: 00:01:17

Health: 49/49      AC:  8    Str: 21    XL:     5   Next: 85%
Magic:  1/1        EV:  9    Int:  8    God:
Gold:   76         SH: 10    Dex: 12    Spells: 4/4 levels left

rFire    . . .     SeeInvis .   a - +0 war axe
rCold    . . .     Faith    .   c - +0 kite shield
rNeg     . . .     Spirit   .   b - +0 scale mail
rPois    .         Reflect  .   (no helmet)
rElec    .         Harm     .   e - scarf {repulsion}
rCorr    .         Rampage  .   (no gloves)
MR       .....                  l - +0 pair of boots
Stlth    ..........             (no amulet)
HPRegen  0.00/turn              (no ring)
MPRegen  0.07/turn              (no ring)

@: non-regenerating, repel missiles
A: damage resistance, heal wounds, sense surroundings 1, no regeneration
a: Heal Wounds


You were on level 2 of the Dungeon.
You visited 1 branch of the dungeon, and saw 2 of its levels.

You collected 76 gold pieces.

Inventory:

Hand Weapons
 a - a +0 war axe (weapon)
Armour
 b - a +0 scale mail (worn)
 c - a +0 kite shield (worn)
 e - a scarf of repulsion (worn)
 l - a +0 pair of boots (worn)
Wands
 m - a wand of digging (6)
Scrolls
 f - a scroll of magic mapping {unknown}
 g - a scroll of blinking {unknown}
 i - a scroll of immolation {unknown}
 j - a scroll of fog {unknown}
 k - 2 scrolls of identify {unknown}
Potions
 d - a potion of might
 h - 2 potions of cancellation {unknown}


   Skills:
 + Level 3.6 Fighting
 + Level 3.5 Axes
 + Level 4.4 Armour
 + Level 2.5 Dodging
 + Level 4.4 Shields


You had 4 spell levels left.
You didn't know any spells.
Your spell library was empty.

Dungeon Overview and Level Annotations

Branches:
Dungeon (2/15)

Altars:


Innate Abilities, Weirdness & Mutations

You are resistant to damage.
You can heal yourself by infusing magical energy.
You passively map a small area around you.
You do not regenerate.


Message History

A goblin comes into view.
The goblin shouts!
A goblin is nearby!
You slash the goblin!
You kill the goblin!
No target in view!
No target in view!
No target in view!
No target in view!
No target in view!
No target in view!
No target in view!
No target in view!
No target in view!
No target in view!
Done exploring.
Done exploring.
Done exploring.
Done exploring.
Are you sure you want to abandon this character and quit the game? (Confirm with "yes".)

###### #....# #....# #
#....# # ##########....#
# #######........#...># #
#..............#....# #
#####.......@......#....#
#
#......####.########....#
#####......####<#
##....#.##
.............##.#
#..####.#
.##..........##.####.##
#.#
..#..........##.#....#
#.#
..................####
#.# ...........##.#.###
#.# ......(....##.#.# #.#


There were no monsters in sight!

Vanquished Creatures
  Sigmund (D:2)
  Crazy Yiuf (D:2)
  A gnoll (D:1)
  A dart slug (D:1)
  2 leopard geckos
  9 bats
  4 giant cockroaches
  5 goblins
  6 hobgoblins
  4 jackals (D:1)
  A ball python (D:1)
  2 frilled lizards (D:2)
  7 kobolds
  2 rats (D:1)
46 creatures vanquished.

Notes
Turn   | Place    | Note
-------+----------+-------------------------------------------
     0 | D:1      | reriks the Deep Dwarf Fighter began the quest for the Orb.
     0 | D:1      | Reached XP level 1. HP: 20/20 MP: 1/1
   238 | D:1      | Reached XP level 2. HP: 9/27 MP: 2/2
   505 | D:1      | Reached skill level 1 in Dodging
   574 | D:1      | Reached XP level 3. HP: 33/33 MP: 3/3
  1415 | D:2      | Noticed Sigmund
  1435 | D:2      | Killed Sigmund
  1435 | D:2      | Reached XP level 4. HP: 32/42 MP: 4/4
  1435 | D:2      | Reached XP level 5. HP: 38/49 MP: 5/5
  1444 | D:2      | Found a runed translucent door.
  1445 | D:2      | Noticed Crazy Yiuf
  1512 | D:2      | Killed Crazy Yiuf
  1662 | D:2      | Quit the game

Illustrated notes

Levels and vault maps discovered:
D:1:      arrival_zaba_pyramid, layout_basic, patterned_corridor
D:2:      layout_rooms, uniq_crazy_yiuf_cottage, uniq_sigmund

Skill      XL: |  1  2  3 |
---------------+----------+-----
Dodging        | 1 2 |  2.5
Fighting       | 3 |  3.6
Axes           | 3 |  3.5
Armour         | 4 |  4.4
Shields        | 4 |  4.4

Action                   |  1- 3 |  4- 6 || total
-------------------------+-------+-------++-------
Melee: War axe           |   118 |    13 ||   131
       Unarmed           |       |    10 ||    10
 Abil: Heal Wounds       |     2 |     4 ||     6
Armor: Scale mail        |    46 |     3 ||    49
Dodge: Dodged            |    40 |     9 ||    49
       Repelled          |     1 |       ||     1
Block: Kite shield       |    71 |     4 ||    75

Table legend: (Time is in decaauts)
 A = Elapsed time spent in this place.
 B = Non-inter-level travel time spent in this place.
 C = Inter-level travel time spent in this place.
 D = Time resting spent in this place.
 E = Time spent auto-exploring this place.
 F = Levels seen in this place.
 G = Mean time per level.
                   A        B        C        D        E       F      G
               +--------+--------+--------+--------+--------+-----+--------+
         Total |   1701 |   1660 |     41 |    211 |   1092 |   2 |  850.5 |
       Dungeon |   1701 |   1660 |     41 |    211 |   1092 |   2 |  850.5 |
               +--------+--------+--------+--------+--------+-----+--------+

Top non-repeatable levels by time:
     D:1: 1210 daAuts
     D:2: 491 daAuts
